TOP OF THE 1ST |
Menlo Maniacs batting - Pitching for San Diego Smashers : RHP Martin Miller
|
Pitching: RHP Martin Miller
|
|
Batting: LHB Bernardo Rodríguez
|
0-0: DOUBLE (Line Drive, 78M)
|
Batting: LHB Dave Lee
|
0-0: Called Strike 0-1: Ball 1-1: Ball 2-1: Ball 3-1: Base on Balls
|
Batting: LHB Tim Ramsey
|
0-0: Ball 1-0: Ground out 3-1 (Groundball, 34S) Bernardo Rodríguez to third Dave Lee to second
|
Batting: LHB Frank Young
|
0-0: Foul Ball, location: 2F 0-1: Foul Ball, location: 2F 0-2: Strikes out swinging
|
Batting: RHB Jason Blair
|
0-0: Called Strike 0-1: Foul Ball, location: 2F 0-2: Ball 1-2: Fly out, F9 (Flyball, 9)
|
Top of the 1st over - 0 run(s), 1 hit(s), 0 error(s), 2 left on base; Menlo 0 - San Diego 0 |
BOTTOM OF THE 1ST |
San Diego Smashers batting - Pitching for Menlo Maniacs : RHP Michael Díaz
|
Pitching: RHP Michael Díaz
|
|
Batting: RHB Manny Torrez
|
0-0: Swinging Strike 0-1: Swinging Strike 0-2: Strikes out swinging
|
Batting: RHB Ray Rogers
|
0-0: Called Strike 0-1: Called Strike 0-2: Foul Ball, location: 2F 0-2: Ball 1-2: Foul Ball, location: 2F 1-2: Ball 2-2: Foul Ball, location: 2F 2-2: Foul Ball, location: 2F 2-2: Foul Ball, location: 2F 2-2: Ball 3-2: Fly out, F4 (Line Drive, 4)
|
Batting: LHB Arthur MacDonald
|
0-0: Single, Error in OF, E9, batter to second base
|
Batting: RHB Gerald Davis
|
0-0: Ball 1-0: Foul Ball, location: 2F 1-1: Fly out, F8 (Flyball, 8LM)
|
Bottom of the 1st over - 0 run(s), 1 hit(s), 1 error(s), 1 left on base; Menlo 0 - San Diego 0 |
TOP OF THE 2ND |
Menlo Maniacs batting - Pitching for San Diego Smashers : RHP Martin Miller
|
Batting: LHB César Rodríguez
|
0-0: Called Strike 0-1: Ball 1-1: Swinging Strike 1-2: Ball 2-2: SINGLE (Flyball, 78S)
|
Batting: SHB Chris Young
|
0-0: Ball 1-0: Swinging Strike 1-1: Called Strike 1-2: Ball 2-2: SINGLE (Flyball, 89S) César Rodríguez to second
|
Batting: SHB Ryan Holcomb
|
0-0: Called Strike 0-1: Fielders Choice at 2nd, 5-4 (Groundball, 56) César Rodríguez to third
|
Batting: RHB Clinton Barton
|
0-0: Ball 1-0: Grounds into double play, 6-4-3 (Groundball, 6)
|
Top of the 2nd over - 0 run(s), 2 hit(s), 0 error(s), 1 left on base; Menlo 0 - San Diego 0 |
BOTTOM OF THE 2ND |
San Diego Smashers batting - Pitching for Menlo Maniacs : RHP Michael Díaz
|
Batting: LHB Richard Brooks
|
0-0: Called Strike 0-1: Ball 1-1: Swinging Strike 1-2: Strikes out swinging
|
Batting: RHB Dave King
|
0-0: SINGLE (Flyball, 8LS)
|
Batting: RHB Gustavo Torres
|
0-0: Ball 1-0: Ball 2-0: Ball 3-0: Base on Balls Dave King to second
|
Batting: SHB Walt Rodgers
|
0-0: Ball 1-0: Foul Ball, location: 2F 1-1: Foul Ball, location: 2F 1-2: Strikes out looking
|
Batting: LHB Dale Miller
|
0-0: Called Strike 0-1: Swinging Strike 0-2: Ball 1-2: Ball 2-2: Fly out, F6 (Line Drive, 6)
|
Bottom of the 2nd over - 0 run(s), 1 hit(s), 0 error(s), 2 left on base; Menlo 0 - San Diego 0 |
TOP OF THE 3RD |
Menlo Maniacs batting - Pitching for San Diego Smashers : RHP Martin Miller
|
Batting: LHB Bernardo Rodríguez
|
0-0: Ground out 4-3 (Groundball, 4)
|
Batting: LHB Dave Lee
|
0-0: Ball 1-0: Ball 2-0: Fly out, F8 (Flyball, 89M)
|
Batting: LHB Tim Ramsey
|
0-0: Called Strike 0-1: Fly out, F8 (Flyball, 8RM)
|
Top of the 3rd over - 0 run(s), 0 hit(s), 0 error(s), 0 left on base; Menlo 0 - San Diego 0 |
BOTTOM OF THE 3RD |
San Diego Smashers batting - Pitching for Menlo Maniacs : RHP Michael Díaz
|
Batting: RHB Manny Torrez
|
0-0: Fly out, F3 (Popup, 3S)
|
Batting: RHB Ray Rogers
|
0-0: Called Strike 0-1: Ball 1-1: Ball 2-1: Foul Ball, location: 2F 2-2: Ball 3-2: Foul Ball, location: 2F 3-2: Base on Balls
|
Batting: LHB Arthur MacDonald
|
0-0: Called Strike 0-1: Ball 1-1: Called Strike 1-2: SINGLE (Line Drive, 8LS) Ray Rogers to second
|
Batting: RHB Gerald Davis
|
0-0: Ball 1-0: Called Strike 1-1: SINGLE (Groundball, 3D) Ray Rogers to third Arthur MacDonald to second
|
Pitching: RHP Wayne Todd
|
|
Batting: LHB Richard Brooks
|
0-0: Foul Ball, location: 2F 0-1: Foul Ball, location: 2F 0-2: Foul Ball, location: 2F 0-2: Fly out, F8 (Flyball, 8RM)
|
Batting: RHB Dave King
|
0-0: Fielders Choice at 2nd, 5-4 (Groundball, 56)
|
Bottom of the 3rd over - 0 run(s), 2 hit(s), 0 error(s), 2 left on base; Menlo 0 - San Diego 0 |
TOP OF THE 4TH |
Menlo Maniacs batting - Pitching for San Diego Smashers : RHP Martin Miller
|
Batting: LHB Frank Young
|
0-0: Ball 1-0: Foul Ball, location: 2F 1-1: SOLO HOME RUN (Flyball, 9D), Distance : 374 ft
|
Batting: RHB Jason Blair
|
0-0: Ball 1-0: Swinging Strike 1-1: Ball 2-1: Ball 3-1: SINGLE (Line Drive, 4D)
|
Batting: LHB César Rodríguez
|
0-0: Foul Ball, location: 2F 0-1: Ball Wild Pitch! Jason Blair to second 1-1: Ground out 4-3 (Groundball, 34D) Jason Blair to third
|
Batting: SHB Chris Young
|
0-0: Ground out 6-3 (Groundball, 6)
|
Batting: SHB Ryan Holcomb
|
0-0: Ball 1-0: DOUBLE (Flyball, 78M) Jason Blair scores
|
Batting: RHB Clinton Barton
|
0-0: Ball Ryan Holcomb steals 3rd base 1-0: Ball 2-0: Called Strike 2-1: Foul Ball, location: 2F 2-2: SINGLE (Line Drive, 89S) Ryan Holcomb scores
|
Batting: LHB Bernardo Rodríguez
|
0-0: Ball Clinton Barton is caught stealing 2nd base
|
Top of the 4th over - 3 run(s), 4 hit(s), 0 error(s), 0 left on base; Menlo 3 - San Diego 0 |
BOTTOM OF THE 4TH |
San Diego Smashers batting - Pitching for Menlo Maniacs : RHP Wayne Todd
|
Batting: RHB Gustavo Torres
|
0-0: Ball 1-0: Foul Ball, location: 2F 1-1: Foul Ball, location: 2F 1-2: Foul Ball, location: 2F 1-2: SINGLE (Flyball, 8RS)
|
Batting: SHB Walt Rodgers
|
0-0: Called Strike 0-1: Fly out, F8 (Flyball, 8LXD)
|
Batting: LHB Dale Miller
|
0-0: Foul Ball, location: 2F 0-1: Ball 1-1: Ball 2-1: Ball 3-1: SINGLE (Line Drive, 3S) Gustavo Torres to second Runner from 2nd tries for 3rd, OUT! Dale Miller to second
|
Batting: RHB Manny Torrez
|
0-0: Called Strike 0-1: Ball 1-1: Called Strike 1-2: Ball 2-2: Foul Ball, location: 2F 2-2: Fly out, F4 (Popup, 4)
|
Bottom of the 4th over - 0 run(s), 2 hit(s), 0 error(s), 1 left on base; Menlo 3 - San Diego 0 |
TOP OF THE 5TH |
Menlo Maniacs batting - Pitching for San Diego Smashers : RHP Martin Miller
|
Batting: LHB Bernardo Rodríguez
|
0-0: Ball 1-0: Ball 2-0: Foul Ball, location: 2F 2-1: Foul Ball, location: 2F 2-2: Ball 3-2: Fly out, F6 (Line Drive, 6)
|
Batting: LHB Dave Lee
|
0-0: Ball 1-0: Foul Ball, location: 2F 1-1: Ball 2-1: Foul Ball, location: 2F 2-2: Fly out, F6 (Line Drive, 6)
|
Batting: LHB Tim Ramsey
|
0-0: Fly out, F8 (Flyball, 8RD)
|
Top of the 5th over - 0 run(s), 0 hit(s), 0 error(s), 0 left on base; Menlo 3 - San Diego 0 |
BOTTOM OF THE 5TH |
San Diego Smashers batting - Pitching for Menlo Maniacs : RHP Wayne Todd
|
Batting: RHB Ray Rogers
|
0-0: Called Strike 0-1: Ball 1-1: Ground out 6-3 (Groundball, 6)
|
Batting: LHB Arthur MacDonald
|
0-0: Ball 1-0: Foul Ball, location: 2F 1-1: Fly out, F9 (Flyball, 9S)
|
Batting: RHB Gerald Davis
|
0-0: Ball 1-0: Ball 2-0: Called Strike 2-1: Foul Ball, location: 2F 2-2: Ball 3-2: Base on Balls
|
Batting: LHB Richard Brooks
|
0-0: Ball 1-0: Ball 2-0: Ball 3-0: Base on Balls Gerald Davis to second
|
Batting: RHB Dave King
|
0-0: Called Strike 0-1: Fielders Choice at 2nd, 5-4 (Groundball, 56)
|
Bottom of the 5th over - 0 run(s), 0 hit(s), 0 error(s), 1 left on base; Menlo 3 - San Diego 0 |
TOP OF THE 6TH |
Menlo Maniacs batting - Pitching for San Diego Smashers : RHP Martin Miller
|
Batting: LHB Frank Young
|
0-0: Called Strike 0-1: Ball 1-1: Ball 2-1: Swinging Strike 2-2: Foul Ball, location: 2F 2-2: Strikes out looking
|
Batting: RHB Jason Blair
|
0-0: Ball 1-0: Ball 2-0: Called Strike 2-1: DOUBLE (Line Drive, 9LM)
|
Batting: LHB César Rodríguez
|
0-0: Foul Ball, location: 2F 0-1: Ball 1-1: 2-RUN HOME RUN (Line Drive, 9D), Distance : 401 ft
|
Pitching: LHP Alejandro Flores
|
|
Batting: SHB Chris Young
|
0-0: Ball 1-0: Called Strike 1-1: Called Strike 1-2: Foul Ball, location: 2F 1-2: Ball 2-2: Ball 3-2: Strikes out swinging
|
Batting: SHB Ryan Holcomb
|
0-0: Ball 1-0: Ball 2-0: Ball 3-0: Base on Balls
|
Batting: RHB Clinton Barton
|
0-0: Called Strike Ryan Holcomb is caught stealing 2nd base
|
Top of the 6th over - 2 run(s), 2 hit(s), 0 error(s), 0 left on base; Menlo 5 - San Diego 0 |
BOTTOM OF THE 6TH |
San Diego Smashers batting - Pitching for Menlo Maniacs : RHP Wayne Todd
|
Batting: RHB Gustavo Torres
|
0-0: Foul Ball, location: 2F 0-1: Ball 1-1: Ball 2-1: Foul Ball, location: 2F 2-2: Foul Ball, location: 2F 2-2: Foul Ball, location: 2F 2-2: Fly out, F7 (Line Drive, 7)
|
Batting: SHB Walt Rodgers
|
0-0: Ball 1-0: DOUBLE (Flyball, 8LXD)
|
Pitching: LHP Marc Sizemore
|
|
Batting: LHB Dale Miller
|
0-0: Ball 1-0: Ball 2-0: Ball 3-0: Called Strike 3-1: Foul Ball, location: 2F 3-2: Ground out U3 (Groundball, 3S) Walt Rodgers to third
|
Batting: RHB Manny Torrez
|
0-0: Ball 1-0: Called Strike 1-1: Foul Ball, location: 2F 1-2: SINGLE (Groundball, 56D) Walt Rodgers scores
|
Batting: RHB Ray Rogers
|
0-0: Ball 1-0: Foul Ball, location: 2F 1-1: Called Strike Manny Torrez is caught stealing 2nd base
|
Bottom of the 6th over - 1 run(s), 2 hit(s), 0 error(s), 0 left on base; Menlo 5 - San Diego 1 |
TOP OF THE 7TH |
Menlo Maniacs batting - Pitching for San Diego Smashers : LHP Alejandro Flores
|
Batting: RHB Clinton Barton
|
0-0: Ball 1-0: Ground out 5-3 (Groundball, 56)
|
Batting: LHB Bernardo Rodríguez
|
0-0: Called Strike 0-1: Called Strike 0-2: Ball 1-2: Ball 2-2: Foul Ball, location: 2F 2-2: Foul Ball, location: 2F 2-2: Foul Ball, location: 2F 2-2: Foul Ball, location: 2F 2-2: Foul Ball, location: 2F 2-2: Strikes out looking
|
Batting: LHB Dave Lee
|
0-0: Foul Ball, location: 2F 0-1: Foul Ball, location: 2F 0-2: Ball 1-2: Fly out, F8 (Flyball, 78M)
|
Top of the 7th over - 0 run(s), 0 hit(s), 0 error(s), 0 left on base; Menlo 5 - San Diego 1 |
BOTTOM OF THE 7TH |
San Diego Smashers batting - Pitching for Menlo Maniacs : LHP Marc Sizemore
|
Batting: RHB Ray Rogers
|
0-0: Ball 1-0: Swinging Strike 1-1: Foul Ball, location: 2F 1-2: Strikes out swinging
|
Batting: LHB Arthur MacDonald
|
0-0: Called Strike 0-1: Ball 1-1: DOUBLE (Flyball, 8RXD)
|
Batting: RHB Gerald Davis
|
0-0: Called Strike 0-1: Ball 1-1: Swinging Strike 1-2: Foul Ball, location: 2F 1-2: Strikes out swinging
|
Batting: LHB Richard Brooks
|
0-0: Ball 1-0: Called Strike 1-1: Foul Ball, location: 2F 1-2: Ground out 6-3 (Groundball, 6M)
|
Bottom of the 7th over - 0 run(s), 1 hit(s), 0 error(s), 1 left on base; Menlo 5 - San Diego 1 |
TOP OF THE 8TH |
Menlo Maniacs batting - Pitching for San Diego Smashers : LHP Alejandro Flores
|
Batting: LHB Tim Ramsey
|
0-0: Ball 1-0: Foul Ball, location: 2F 1-1: Ball 2-1: Foul Ball, location: 2F 2-2: Ground out 4-3 (Groundball, 4)
|
Batting: LHB Frank Young
|
0-0: Called Strike 0-1: Ball 1-1: Fly out, F7 (Line Drive, 78S)
|
Batting: RHB Jason Blair
|
0-0: Ball 1-0: Ball 2-0: Ground out 3-1 (Groundball, 34S)
|
Top of the 8th over - 0 run(s), 0 hit(s), 0 error(s), 0 left on base; Menlo 5 - San Diego 1 |
BOTTOM OF THE 8TH |
San Diego Smashers batting - Pitching for Menlo Maniacs : LHP Marc Sizemore
|
Batting: RHB Dave King
|
0-0: Ball 1-0: Ball 2-0: Ball 3-0: Base on Balls
|
Batting: RHB Gustavo Torres
|
0-0: Called Strike 0-1: Ball 1-1: Ball 2-1: Foul Ball, location: 2F 2-2: Ball 3-2: Foul Ball, location: 2F 3-2: Base on Balls Dave King to second
|
Pitching: RHP Tomás Silva
|
|
Batting: SHB Walt Rodgers
|
0-0: Swinging Strike 0-1: Foul Ball, location: 2F 0-2: Foul Ball, location: 2F 0-2: Ball 1-2: Foul Ball, location: 2F 1-2: Ball 2-2: Fly out, F5 (Line Drive, 56)
|
Batting: LHB Dale Miller
|
0-0: Ball 1-0: Ball 2-0: Ball 3-0: Called Strike 3-1: Base on Balls Dave King to third Gustavo Torres to second
|
Batting: RHB Manny Torrez
|
0-0: Ball 1-0: Foul Ball, location: 2F 1-1: Ball 2-1: Swinging Strike 2-2: Foul Ball, location: 2F 2-2: SINGLE (Groundball, 56D) Dave King scores Gustavo Torres to third Dale Miller to second
|
Pinch Hitting: LHB John White
|
0-0: Ball 1-0: Foul Ball, location: 2F 1-1: Reached on error, E3 (Groundball, 3) Gustavo Torres scores Dale Miller to third Manny Torrez to second
|
Batting: LHB Arthur MacDonald
|
0-0: Called Strike 0-1: Ball 1-1: Ground out U3 (Groundball, 34S) Dale Miller scores Manny Torrez to third John White to second
|
Pinch Hitting: LHB Steven Smith
|
0-0: Called Strike 0-1: Called Strike 0-2: Ball 1-2: DOUBLE (Flyball, 78D) Manny Torrez scores John White scores
|
Pitching: RHP Brad Small
|
|
Batting: LHB Richard Brooks
|
0-0: Ball 1-0: Foul Ball, location: 2F 1-1: Ball 2-1: Ball 3-1: Base on Balls
|
Pinch Runner at 2nd Michael Myers:
|
|
Batting: RHB Dave King
|
0-0: Ball 1-0: Foul Ball, location: 2F 1-1: Fly out, F8 (Flyball, 8RM)
|
Bottom of the 8th over - 5 run(s), 2 hit(s), 1 error(s), 2 left on base; Menlo 5 - San Diego 6 |
TOP OF THE 9TH |
Menlo Maniacs batting - Pitching for San Diego Smashers : LHP Alejandro Flores
|
Pitching: LHP Mike Stevens
|
|
Now at 2B: Michael Myers
|
|
Now at 3B: Fletcher Reed
|
|
Pinch Hitting: RHB Dani Torres
|
0-0: Ball 1-0: Foul Ball, location: 2F 1-1: Hit by Pitch
|
Pinch Runner at 1st Joe Smith:
|
|
Pinch Hitting: RHB Gilberto León
|
0-0: Ball 1-0: Ball 2-0: SINGLE (Flyball, 7LS) Joe Smith to second
|
Batting: SHB Ryan Holcomb
|
0-0: Bunted foul 0-1: Bunted foul 0-2: Ball 1-2: SINGLE (Groundball, 56D) Joe Smith to third Gilberto León to second
|
Batting: RHB Clinton Barton
|
0-0: Called Strike 0-1: Called Strike 0-2: Strikes out looking
|
Pinch Hitting: RHB Jimmy Skinner
|
0-0: Called Strike 0-1: Ball 1-1: Foul Ball, location: 2F 1-2: Ball 2-2: Foul Ball, location: 2F 2-2: Ball 3-2: Foul Ball, location: 2F 3-2: Grounds into fielders choice 6-2 (Groundball, 6) Gilberto León to third Ryan Holcomb to second
|
Batting: LHB Dave Lee
|
0-0: Called Strike 0-1: Swinging Strike 0-2: Strikes out swinging
|
Top of the 9th over - 0 run(s), 2 hit(s), 0 error(s), 3 left on base; Menlo 5 - San Diego 6 |
|